 Dungeon Crawl Stone Soup version 0.23.2 (webtiles) character file.

Game seed: 14620711059994048131

57 Borgoz the Sneak (level 4, 0/33 HPs)
             Began as a Ghoul Enchanter on Apr 4, 2019.
             Was an Initiate of Ashenzari.
             Slain by Terence
             ... wielding a +0 hand axe of flaming
              (2 damage)
             ... on level 2 of the Dungeon.
             The game lasted 00:03:31 (1200 turns).

Borgoz the Sneak (Ghoul Enchanter)                  Turns: 1200, Time: 00:03:32

Health: 0/33       AC:  5    Str: 10 (11) XL:     4   Next: 0%
Magic:  5/5        EV: 12    Int:  9 (10) God:    Ashenzari [......]
Gold:   35         SH:  0    Dex:  7 (10) Spells: 5/6 levels left

rFire    . . .     SeeInvis .   a - +1 dagger
rCold    + . .     Gourm    .   (no shield)
rNeg     + + +     Faith    .   q - +0 leather armour
rPois    ∞         Spirit   .   i - +0 helmet
rElec    .         Reflect  .   h - +0 cloak
rCorr    .         Harm     .   (no gloves)
MR       .....                  (no boots)
Stlth    ++........             (no amulet)
HPRegen  0.00/turn              (no ring)
MPRegen  0.09/turn              (no ring)

@: rotting
A: rotting body, claws 1, carnivore, cold resistance 1, negative energy
resistance 3, inhibited regeneration, torment resistance, unbreathing
a: Curse Item, Renounce Religion


You were on level 2 of the Dungeon.
You worshipped Ashenzari.
Ashenzari was noncommittal.
You were not hungry.

You visited 1 branch of the dungeon, and saw 2 of its levels.

You collected 35 gold pieces.

Inventory:

Hand Weapons
 a - a +1 dagger (weapon)
Armour
 h - a +0 cloak (worn)
 i - a +0 helmet (worn)
 q - a +0 leather armour (worn)
Jewellery
 e - an uncursed ring of fire
Scrolls
 b - a scroll of enchant armour {unknown}
 f - 2 scrolls of remove curse
 g - a scroll of identify {unknown}
 j - a scroll of teleportation
 k - a scroll of enchant weapon {unknown}
 m - 3 scrolls of blinking {unknown}
 n - a scroll of fear {unknown}
 r - a scroll of amnesia {unknown}
Comestibles
 c - 3 chunks of flesh
 d - 4 rations


   Skills:
 + Level 0.0 Fighting
 * Level 2.3 Short Blades
 + Level 0.0 Armour
 * Level 2.9 Dodging
 - Level 3.2 Stealth
 - Level 1.7 Spellcasting
 - Level 2.4 Hexes


You had 5 spell levels left.
You knew the following spells:

 Your Spells              Type           Power        Failure   Level  Hunger
a - Corona                Hex            #......      17%         1    ##.....

Your spell library contained the following spells:

 Spells                   Type           Power        Failure   Level  Hunger
 Ensorcelled Hibernation  Hex/Ice        #.....       41%         2    ###....
 Confuse                  Hex            #.......     45%         3    ####...
 Tukima's Dance           Hex            #.......     45%         3    ####...
 Dazzling Spray           Conj/Hex       #.....       65%         3    ####...


Dungeon Overview and Level Annotations

Branches:
Dungeon (2/15)

Altars:
Ashenzari

Annotations:
D:2 Terence


Innate Abilities, Weirdness & Mutations

Your body is rotting away.
You thrive on raw meat.
You are immune to poison.
You have sharp fingernails.
You are carnivorous and can eat meat at any time.
Your flesh is cold resistant. (rC+)
You are immune to negative energy. (rN+++)
You do not regenerate when monsters are visible.
You are immune to unholy pain and torment.
You can survive without breathing.


Message History

Terence says, "You're history."
Terence barely misses you.
You hit Terence but do no damage.
Terence is moderately wounded.
You hit Terence.
Terence is heavily wounded.
Terence hits you with a +0 hand axe of flaming.
* * * LOW HITPOINT WARNING * * *
Terence burns you.
* * * LOW HITPOINT WARNING * * *
You hit Terence.
Terence is severely wounded.
Terence says, "Did you write a will?
You should..."
Terence misses you.
You barely miss Terence.
Terence is severely wounded.
Terence hits you with a +0 hand axe of flaming.
* * * LOW HITPOINT WARNING * * *
Terence burns you.
You die...

##................#####.####
#######..........##..[....# ###
##.......#.##.##..#.# #..
#......##.##.##..#.####.#
##.#...###...<...........#
#...#### ####.##.##.######
#...###### #.##.##)###
#........####.........####
#####...####@@.......###.....#
.###............#####....##.....#
................... #..#........#
.###.....#...<..##. #..#..#.....#
####.###.###.# .##...........#
##.## ##.................####
#.## #.## #.#####..#### # ##.##
#.## #####...# # ##.###.#
........# #


You could see Terence.

Vanquished Creatures
  2 adders (D:2)
  3 leopard geckos
  6 bats
  A giant cockroach (D:1)
  4 goblins
  2 hobgoblins (D:1)
  2 frilled lizards (D:1)
  7 kobolds
  10 rats
37 creatures vanquished.

Notes
Turn   | Place    | Note
-------+----------+-------------------------------------------
     0 | D:1      | Borgoz the Ghoul Enchanter began the quest for the Orb.
     0 | D:1      | Reached XP level 1. HP: 14/14 MP: 2/2
    11 | D:1      | Reached skill level 1 in Short Blades
    85 | D:1      | Reached XP level 2. HP: 17/20 MP: 3/3
   444 | D:1      | Found a shattered altar of Ashenzari.
   454 | D:1      | Became a worshipper of Ashenzari the Shackled
   662 | D:1      | Reached XP level 3. HP: 26/26 MP: 4/4
  1025 | D:2      | Noticed Terence
  1160 | D:2      | Reached XP level 4. HP: 33/33 MP: 5/5
  1200 | D:2      | Slain by Terence

Skill      XL: |  1  2  3 |
---------------+----------+-----
Short Blades   | 1 2 |  2.3
Dodging        | 2 |  2.9
Stealth        | |  3.2
Spellcasting   | |  1.7
Hexes          | |  2.4

Action                   |  1- 3 |  4- 6 || total
-------------------------+-------+-------++-------
Melee: Dagger            |   125 |    23 ||   148
  Use: Potion            |     3 |       ||     3
       Scroll            |     1 |       ||     1
 Stab: Sleeping          |    10 |       ||    10
  Eat: Chunk             |     5 |       ||     5
Armor: Robe              |    20 |       ||    20
       Leather armour    |    27 |     3 ||    30
Dodge: Dodged            |    62 |     8 ||    70
